Map: Zen LE

Players

Zoomer

  • Race: Zerg Zerg
  • League: Diamond
  • Spawn Location: 1:00

ZergisOP - Winner!

  • Race: Terran Terran
  • League: Diamond
  • Spawn Location: 7:00

VOD

Have the link to the VOD?

Description

Time

  • Played on: Jan. 13, 2020, 10:26 a.m.
  • Length: 11:13
Show
View Real Time Build Order
Export as new Build Order

Zoomer Zerg 

Build Orders: Hatch First 

Get SALT Encoding   

  12  0:01  Drone  
  13  0:13  Overlord  
  13  0:18  Drone  
  14  0:32  Drone x2  
  16  0:50  Hatchery  
  16  0:53  Drone  
  16  0:57  Drone  
  17  1:13  Spawning Pool  
  17  1:15  Drone  
  17  1:18  Extractor  
  16  1:29  Drone x2  
  18  1:36  Drone  
  19  1:44  Overlord  
  19  1:55  Drone  
  20  2:01  Queen  
  20  2:02  Queen  
  20  2:07  Zergling x2  
  25  2:15  Drone x2  
  28  2:22  Drone  
  28  2:27  Drone x2  
  30  2:41  Queen  
  32  2:45  Queen  
  34  2:56  Overlord  
  34  2:57  Extractor, Drone x3  
  35  3:20  Metabolic Boost  
  35  3:23  Lair  
  35  3:28  Zergling x8, Drone  
  35  3:29  Drone x3  
  43  3:44  Drone  
  44  3:51  Overlord x2  
  44  4:17  Extractor, Queen  
  44  4:19  Extractor  
  44  4:22  Spore Crawler  
  43  4:24  Drone x4  
  43  4:25  Drone x2  
  49  4:36  Hatchery  
  48  4:46  Drone x5  
  53  5:08  Baneling Nest  
  53  5:12  Evolution Chamber  
  51  5:15  Drone x4, Evolution Chamber  
  51  5:16  Drone x4  
  51  5:19  Pneumatized Carapace  
  58  5:25  Drone x2  
  58  5:26  Overlord x3  
  60  5:49  Zerg Melee Weapons Level 1  
  60  5:50  Zerg Ground Armor Level 1  
  60  5:59  Queen  
  60  6:03  Zergling x10  
  60  6:04  Zergling x10, Overlord  
  70  6:05  Overlord  
  70  6:09  Centrifical Hooks  
  72  6:19  Zergling x8  
  72  6:20  Zergling x2  
  77  6:34  Drone x2  
  77  6:35  Drone x2  
  77  6:36  Drone x2  
  79  7:10  Queen  
  79  7:11  Queen x2  
  79  7:14  Spore Crawler x2  
  81  7:18  Spore Crawler  
  81  7:20  Zergling x6  
  80  7:30  Spore Crawler  
  80  7:32  Extractor  
  80  7:34  Extractor  
  72  7:56  Spore Crawler x2  
  72  7:57  Queen  
  72  7:58  Queen x2  
  74  8:04  Drone x5  
  74  8:05  Drone  
  80  8:20  Spire  
  71  8:28  Zergling x2  
  71  8:29  Zergling x14  
  71  8:33  Queen x2  
  81  8:47  Spore Crawler x2  
  75  9:00  Drone, Overlord  
  75  9:01  Overlord x4  
  75  9:02  Spore Crawler  
  75  9:09  Queen  
  73  9:19  Spore Crawler  
  73  9:21  Spore Crawler  
  69  9:26  Drone x5  
  69  9:27  Drone x6  
  76  9:31  Baneling  
  76  9:32  Baneling x13  
  75  9:39  Spore Crawler  
  67  10:08  Queen x2  
  68  10:14  Corruptor x2  
  68  10:15  Corruptor  
  72  10:33  Corruptor x2  
Show
View Real Time Build Order
Export as new Build Order

ZergisOP Terran - Winner!

Build Orders: Command Center First (CC) 

Get SALT Encoding   

  12  0:02  SCV  
  13  0:15  SCV  
  14  0:30  Supply Depot  
  14  0:39  SCV  
  15  0:59  Command Center  
  15  1:01  SCV  
  16  1:13  SCV  
  16  1:16  Barracks  
  17  1:25  Refinery, SCV  
  17  1:30  Refinery  
  18  1:38  SCV  
  19  1:50  SCV  
  20  2:02  SCV  
  20  2:05  Marine  
  22  2:09  Supply Depot  
  22  2:11  Orbital Command  
  22  2:16  Orbital Command  
  22  2:41  Factory  
  22  2:49  Barracks Reactor  
  22  3:10  SCV  
  24  3:12  SCV  
  24  3:22  SCV  
  24  3:25  SCV  
  26  3:27  Starport  
  26  3:30  Starport, Hellion  
  26  3:31  Marine x2  
  30  3:34  SCV  
  30  3:36  Barracks  
  30  3:37  SCV  
  32  3:46  SCV  
  33  3:49  SCV  
  33  3:51  Supply Depot  
  34  4:00  Refinery  
  34  4:01  Refinery, SCV  
  35  4:03  SCV  
  35  4:07  Fusion Core, Starport Tech Lab  
  36  4:13  SCV  
  36  4:14  Starport Tech Lab  
  36  4:15  SCV  
  38  4:21  Hellion  
  38  4:22  Marine x2  
  42  4:25  SCV  
  42  4:27  Barracks Reactor, SCV  
  44  4:37  SCV  
  45  4:39  SCV  
  45  4:42  Hellion  
  48  4:48  Marine x2  
  50  5:02  Supply Depot  
  50  5:23  Battlecruiser  
  50  5:25  Supply Depot  
  50  5:27  Battlecruiser  
  62  5:46  Marine x4, Weapon Refit  
  62  5:47  Hellion  
  62  5:48  Supply Depot  
  68  5:55  Supply Depot  
  68  6:04  Marine x2  
  68  6:09  Marine x2, Hellion  
  74  6:18  Supply Depot  
  74  6:19  Supply Depot  
  74  6:27  Battlecruiser  
  80  6:44  Battlecruiser  
  80  7:18  Marine x4  
  84  7:32  Battlecruiser  
  84  7:35  Marine  
  84  7:36  Marine x3  
  94  7:53  Marine  
  94  7:54  Marine x3  
  98  8:04  Battlecruiser  
  98  8:06  SCV  
  98  8:11  Marine  
  98  8:12  Marine x2  
  102  8:34  Supply Depot  
  102  8:38  Marine x4, SCV  
  107  8:53  Battlecruiser  
  107  8:56  Marine x4  
  107  8:57  Supply Depot  
  111  9:14  Marine x2  
  113  9:20  Supply Depot  
  113  9:21  Battlecruiser  
  119  9:42  Marine  
  119  9:43  Marine  
Tags
 
Add a new tag
Caveats
  • Supply blocks, unpowered buildings, or Contaminate may cause inaccurate times.
  • Supply counts are checked every 10 seconds.